 Dungeon Crawl Stone Soup version 0.31.0-12-g77e489cdc1 (webtiles) character file.

Game seed: 3555470092529099903

569 hawla the Cudgeller (level 7, -2/59 HPs)
             Began as a Minotaur Fighter on Feb 18, 2024.
             Was an Initiate of Yredelemnul.
             Slain by Pikel
             ... wielding a +2 whip of freezing
              (3 damage)
             ... on level 4 of the Dungeon.
             The game lasted 00:06:37 (2985 turns).

hawla the Cudgeller (Minotaur Fighter)              Turns: 2985, Time: 00:06:38

Health: -2/59      AC:  9    Str: 21    XL:     7   Next: 11%
Magic:  6/6        EV:  9    Int:  7    God:    Yredelemnul [......]
Gold:   89         SH:  5    Dex: 11    Spells: 6/6 levels left

rFire   . . .        g - +12 whip "Puetuu" {freeze, Int+2}
rCold   . . .        c - +0 buckler
rNeg    . . .        r - +0 chain mail
rPois   .            (helmet restricted)
rElec   .            (no cloak)
rCorr   .            (no gloves)
SInv    .            (no boots)
Will    .....        (no amulet) Stlth
                     (no ring)
HPRegen 0.29/turn    (no ring)
MPRegen 0.10/turn

%: no passive effects
@: no status effects
A: horns 2, retaliatory headbutt
a: Renounce Religion, Recall Undead Harvest


You were on level 4 of the Dungeon.
You worshipped Yredelemnul.
Yredelemnul was noncommittal.
You visited 2 branches of the dungeon, and saw 5 of its levels.
You also visited: Sewer.

You collected 179 gold pieces.
You spent 90 gold pieces at shops.

Inventory:

Hand Weapons
 g - the +12 whip "Puetuu" (weapon) {freeze, Int+2}
   (You found it on level 2 of the Dungeon)

   Int+2:     It affects your intelligence (+2).
 i - a +3 morningstar of protection
Armour
 c - a +0 buckler (worn)
 r - a +0 chain mail (worn)
Scrolls
 a - 2 scrolls of teleportation
 e - a scroll of enchant armour {unknown}
 j - a scroll of revelation
 m - a scroll of torment {unknown}
 o - 2 scrolls of blinking {unknown}
 q - a scroll of enchant weapon {unknown}
Potions
 d - 4 potions of might
 f - a potion of cancellation
 h - 4 potions of heal wounds {unknown}
 k - a potion of ambrosia {unknown}
 l - a potion of lignification {unknown}
 n - a potion of curing {unknown}
 p - a potion of resistance {unknown}


   Skills:
 - Level 4.0 Fighting
 - Level 2.4 Long Blades
 + Level 6.4 Maces & Flails
 - Level 5.0 Armour
 - Level 3.0 Dodging
 - Level 5.0 Shields


You had 6 spell levels left.
You didn't know any spells.
Your spell library was empty.

Dungeon Overview and Level Annotations

Branches:
Dungeon (4/15)             Temple (1/1) D:4           Sewer (visited)

Altars:
Cheibriados
Dithmenos
Elyvilon
Fedhas
Gozag
Kikubaaqudgha
Makhleb
Nemelex Xobeh
Okawaru
Qazlal
Ru
Sif Muna
Trog
Uskayaw
Vehumet
Wu Jian
Xom
Yredelemnul
Zin
The Shining One

Shops:
D:3 ?

Annotations:
D:4 Pikel


Innate Abilities, Weirdness & Mutations

You have a pair of horns on your head.
You reflexively headbutt those who attack you in melee.


Message History

You whack the iguana! You freeze the iguana!
You kill the iguana!
The lemure hits you. The lemure hits you but does no damage.
You whack the iguana!
The iguana seems to slow down.
You freeze the iguana.
You kill the iguana!
The lemure hits you but does no damage. The lemure hits you.
The lemure hits you but does no damage. The lemure barely misses you.
The lemure hits you.
Pikel hits you with a +2 whip of freezing!
Pikel freezes you.
Pikel hits you with a +2 whip of freezing.
Pikel freezes you. You block the lemure's attack.
You barely miss Pikel. Your headbutt misses Pikel. The lemure hits you.
Pikel hits you with a +2 whip of freezing!
Pikel freezes you.
* * * LOW HITPOINT WARNING * * *
The lemure hits you but does no damage. The lemure hits you.
* * * LOW HITPOINT WARNING * * *
As you read the scroll of teleportation, it crumbles to dust.
You feel strangely unstable.
An adder comes into view.
The lemure hits you.
* * * LOW HITPOINT WARNING * * *
The lemure closely misses you. The lemure hits you.
* * * LOW HITPOINT WARNING * * *
Pikel hits you with a +2 whip of freezing.
* * * LOW HITPOINT WARNING * * *
Pikel freezes you.
* * * LOW HITPOINT WARNING * * *
Unknown command.
It was a potion of cancellation.
You feel strangely stable.
You feel magically purged.
The adder hisses angrily.
The lemure hits you.
* * * LOW HITPOINT WARNING * * *
Pikel hits you with a +2 whip of freezing.
You die...
Pikel says, "See you in Hell!"
Your body rises from the dead as a mindless zombie.

#.#..# # ...........##
#....# # ###
........(...# ###.## #
#.# .S..........# ##.# #
#.# .8..8.......# #..# #
#<+ ..≈≈$.......# #.## #
#.+ ..≈≈$.......# #.# #
#.# .8..8...5...# #.# #
#.# .......@5...# #.#
#.# .......K5)..# #.#
#.# ...........## #.#
#.# ..........#######.#
#.# .........##.......#
..###
..$.....########..#
..Z.# .......### #..#
.##.# ########.# #..#
### .##.#
########.#######..####..


You could see Pikel, 3 lemures and an adder.

Vanquished Creatures
  Edmund (D:4)
  A lemure (D:4)
  2 brain worms (Sewer)
  2 iguanas (D:4)
  A gnoll (D:1)
  16 adders
  A river rat (D:4)
  5 ribbon worms
  2 dart slugs
  11 orcs
  4 ball pythons
  3 bats
  3 endoplasms
  8 giant cockroaches
  6 goblins
  A hobgoblin (D:2)
  6 jackals (D:3)
  2 quokkas
  8 frilled lizards
  6 kobolds
  5 rats
94 creatures vanquished.

Vanquished Creatures (others)
  A goblin zombie (D:4)
1 creature vanquished.

Grand Total: 95 creatures vanquished

Notes
Turn   | Place    | Note
-------+----------+-------------------------------------------
     0 | D:1      | hawla the Minotaur Fighter began the quest for the Orb.
     0 | D:1      | Reached XP level 1. HP: 19/19 MP: 0/0
    66 | D:1      | Reached skill level 1 in Dodging
    71 | D:1      | Reached XP level 2. HP: 16/26 MP: 1/1
   395 | D:1      | Reached XP level 3. HP: 33/33 MP: 2/2
   892 | D:2      | Identified the +12 whip "Puetuu" {freeze, Int+2}
  1252 | D:2      | Reached XP level 4. HP: 40/40 MP: 3/3
  1594 | D:3      | Found Kaqeuff's Magic Scroll Boutique.
  1638 | D:3      | Bought a scroll of revelation for 90 gold pieces
  1709 | D:3      | Found a stormy altar of Qazlal.
  1709 | D:3      | Found a sparkling altar of Nemelex Xobeh.
  1761 | D:3      | Found a radiant altar of Vehumet.
  2100 | D:4      | Reached XP level 5. HP: 46/46 MP: 4/4
  2141 | D:4      | Noticed Edmund
  2149 | D:4      | Killed Edmund
  2150 | D:4      | Reached skill level 5 in Armour
  2150 | D:4      | Reached skill level 5 in Shields
  2150 | D:4      | Reached skill level 3 in Maces & Flails
  2294 | D:4      | Reached XP level 6. HP: 52/52 MP: 5/5
  2333 | D:4      | Found a glowing drain.
  2343 | Sewer    | Entered a sewer
  2388 | Sewer    | Reached skill level 4 in Maces & Flails
  2423 | Sewer    | Reached skill level 5 in Maces & Flails
  2794 | D:4      | Found a staircase to the Ecumenical Temple.
  2808 | Temple   | Entered the Ecumenical Temple
  2834 | Temple   | Became a worshipper of Yredelemnul the Dark
  2968 | D:4      | Noticed Pikel
  2974 | D:4      | Reached skill level 6 in Maces & Flails
  2978 | D:4      | Reached XP level 7. HP: 59/59 MP: 6/6
  2985 | D:4      | HP: 1/59 [lemure[Pikel] (4)]
  2985 | D:4      | Slain by Pikel

Illustrated notes

Levels and vault maps discovered:
D:1:      dpeg_arrival_another_circle, layout_basic
D:2:      layout_basic, grunt_ministairs_15
D:3:      layout_rooms, nicolae_vehumet_radiance,
          gammafunk_temple_overflow_elements, serial_shops, shop,
          dreamdust_princess_bridge, interstate_on_off
D:4:      kennysheep_big_flooded_room, layout_loops_ring,
          minmay_temple_entry_large_hall, gup_sewer_entry_bubbles, st_stairs_7,
          uniq_edmund, uniq_pikel
Temple:   bh_familiar_temple

Skill      XL: |  1  2  3  4  5  6 |
---------------+-------------------+-----
Dodging        | 2 3 |  3.0
Fighting       | 4 |  4.0
Armour         | 4 5 |  5.0
Shields        | 4 5 |  5.0
Maces & Flails | 3 6 |  6.4
Long Blades    | |  2.4

Action                     |  1- 3 |  4- 6 |  7- 9 || total
---------------------------+-------+-------+-------++-------
  Melee: Long sword        |    66 |       |       ||    66
         Headbutt          |    10 |    11 |       ||    21
         Whip              |     9 |   114 |     3 ||   126
    Use: Scroll            |     1 |     2 |     1 ||     4
         Potion            |       |       |     1 ||     1
 Armour: Scale mail        |    46 |    47 |       ||    93
         Chain mail        |       |     3 |    18 ||    21
  Dodge: Dodged            |    41 |    54 |     3 ||    98
  Block: Buckler           |    18 |    29 |     1 ||    48
